Remparts vs Carnivores
Created - March 4, 2020 at 22:49
Goals
|
Remparts |
0 |
0 |
1 |
1 |
Carnivores |
0 |
0 |
2 |
2 |
|
Shots
|
Remparts |
11 |
9 |
8 |
28 |
Carnivores |
10 |
8 |
9 |
27 |
|
1st period
No Goal
Penalties :
No Penalty
2nd period
No Goal
Penalties :
Nail Yakupov (Que) for Hooking (Minor) at 2:44, Adam Almquist (Bre) for Hooking (Minor) at 16:09
3rd period
1. Carnivores , Anton Gustafsson 24 (Mat Clark 20) at 0:12
2. Remparts , Max Reinhart 24 (Pontus Aberg 33) at 6:56
3. Carnivores , Anton Gustafsson 25 (Chris Lawrence 42, David Fischer 26) at 7:30
Penalties :
Nail Yakupov (Que) for Hooking (Minor) at 0:15, Pontus Aberg (Que) for Tripping (Minor) at 7:33, Niklas Hansson (Que) for Goalie Interference (Minor) at 16:02
Goalie Stats
Igor Bobkov (Que), 25 saves from 27 shots - (0.926), L, 10-8-2, 59:20 minutes
Niklas Svedberg (Bre), 27 saves from 28 shots - (0.964), W, 15-16-2, 60:00 minutes
Players Stats for Remparts
Player Name G A P +/- PIM S H SB GA TA FO MP PP MP PK MP
------------------------------------------------------------------------------------
Anton Zlobin 0 0 0 0 0 2 0 0 0 0 0/1 10:47 0:00 0:00
Brendan Perlini 0 0 0 0 0 1 1 2 0 0 0/0 15:44 0:48 0:00
Cédric Lalonde-McNicoll 0 0 0 0 0 1 1 0 0 0 3/4 12:26 0:00 1:39
Connor Honey 0 0 0 0 0 0 2 0 0 1 0/0 9:34 0:00 0:00
Jake Virtanen 0 0 0 0 0 3 1 0 1 0 0/1 18:00 0:48 2:22
Jonathan Matsumoto 0 0 0 0 0 5 4 1 0 0 2/4 17:14 0:48 1:24
Keaton Thompson 0 0 0 0 0 2 2 0 0 1 0/0 16:30 0:38 0:42
Matt Puempel 0 0 0 0 0 1 1 0 0 0 0/0 11:26 0:00 0:30
Max Reinhart 1 0 1 -1 0 5 2 0 1 1 17/31 21:02 1:11 4:02
Michal Jordan 0 0 0 0 0 0 2 1 0 0 0/0 24:46 1:21 3:52
Nail Yakupov 0 0 0 -1 4 0 1 0 1 0 0/0 17:45 1:11 0:35
Nelson Nogier 0 0 0 0 0 0 1 1 0 0 0/0 14:06 0:00 0:00
Niklas Hansson 0 0 0 -1 2 0 2 1 0 0 0/0 18:14 0:00 3:11
Pontus Aberg 0 1 1 -1 2 2 3 1 0 0 0/0 19:53 1:11 2:52
Roberts Lipsbergs 0 0 0 0 0 0 0 0 0 1 0/0 12:06 0:00 2:28
Sam Reinhart 0 0 0 0 0 6 0 1 0 0 2/3 8:33 0:00 0:00
Viktor Baldayev 0 0 0 -1 0 0 2 0 0 0 0/0 19:38 0:38 3:39
William Colbert 0 0 0 0 0 0 2 0 0 0 0/0 24:16 1:21 4:28
Players Stats for Carnivores
Player Name G A P +/- PIM S H SB GA TA FO MP PP MP PK MP
------------------------------------------------------------------------------------
Adam Almquist 0 0 0 0 2 0 0 1 0 0 0/0 8:00 0:00 0:00
Anton Gustafsson 2 0 2 2 0 4 4 0 0 0 10/21 22:32 3:55 1:15
Blake Geoffrion 0 0 0 0 0 3 2 1 0 0 0/2 20:26 3:56 0:17
Brett Connolly 0 0 0 0 0 1 0 0 0 0 1/1 6:52 0:00 0:00
Chris Lawrence 0 1 1 2 0 0 1 0 1 0 1/2 21:47 3:55 0:27
Christian Djoos 0 0 0 0 0 0 0 0 0 0 0/0 10:56 0:00 0:41
David Fischer 0 1 1 2 0 0 0 0 0 1 0/0 23:49 5:08 1:18
Jeremy Welsh 0 0 0 0 0 3 1 0 0 0 0/0 10:49 3:57 0:00
Joel Armia 0 0 0 0 0 0 2 1 1 0 0/0 12:26 0:00 0:00
Josh Morrissey 0 0 0 -1 0 1 2 0 0 0 0/0 17:15 2:48 0:00
Lucas Wallmark 0 0 0 -1 0 2 0 0 0 0 2/6 13:19 0:00 0:03
Mark McNeill 0 0 0 -1 0 1 1 0 0 0 1/2 16:04 3:57 0:00
Markus Granlund 0 0 0 0 0 3 2 0 0 1 4/8 16:28 3:57 0:41
Mat Clark 0 1 1 2 0 1 1 1 0 1 0/0 23:49 5:08 1:18
Mattias Backman 0 0 0 0 0 0 1 0 0 0 0/0 10:14 0:00 0:00
Nicolas Kerdiles 0 0 0 -1 0 5 3 1 1 0 1/2 16:01 0:00 1:15
Oskar Lindblom 0 0 0 2 0 1 0 0 0 0 0/0 16:42 0:04 0:00
Riley Barber 0 0 0 0 0 0 0 0 0 0 0/0 4:34 0:07 0:00
T.J Brodie 0 0 0 -1 0 1 0 1 1 0 0/0 17:57 2:48 0:41
Trevor Van Riemsdyk 0 0 0 0 0 1 0 0 0 0 0/0 8:00 0:00 0:00
3 Stars
1 - Anton Gustafsson (Bre)
2 - Niklas Svedberg (Bre)
3 - Mat Clark (Bre)
Power Play
Remparts - 0 on 1 Attempt(s) - 0.00%
Carnivores - 0 on 4 Attempt(s) - 0.00%
Penalty Kill
Remparts - 4 on 4 Attempt(s) - 100.00%
- Score 0 goal in Penalty Kill
Carnivores - 1 on 1 Attempt(s) - 100.00%
- Score 0 goal in Penalty Kill
Team Stat
Remparts - Hits : 27 - Faceoff Wins : 24 - Blocked Shots : 8 - Penalty Minutes : 8
Carnivores - Hits : 20 - Faceoff Wins : 20 - Blocked Shots : 6 - Penalty Minutes : 2
Official
Referees : Unknown
Linesman : Unknown
Game Notes
No Game Note
Finance
Level 1 -- Attendance: 1207 (60.35%) -- Ticket Income $48,280
Level 2 -- Attendance: 588 (58.80%) -- Ticket Income $11,760
Total Attendance: 1795 (59.83%)
Total Ticket Income: $60,040
Other Income: $3,002
Total Income: $63,042
Remparts
5 vs 5 Forward
Center Left Wing Right Wing Time % Phy DF OF
1 Max Reinhart Pontus Aberg Nail Yakupov 40 1 2 2
2 Jonathan Matsumoto Brendan Perlini Jake Virtanen 30 1 2 2
3 Cédric Lalonde-McNicoll Matt Puempel Anton Zlobin 20 1 2 2
4 Sam Reinhart Roberts Lipsbergs Connor Honey 10 1 2 2
5 vs 5 Defense
Defense Defense Time % Phy DF OF
1 William Colbert Michal Jordan 40 1 2 2
2 Viktor Baldayev Niklas Hansson 30 1 2 2
3 Keaton Thompson Nelson Nogier 20 1 2 2
4 William Colbert Michal Jordan 10 1 2 2
PowerPlay Forward
Center Left Wing Right Wing Time % Phy DF OF
1 Max Reinhart Pontus Aberg Nail Yakupov 60 1 2 2
2 Jonathan Matsumoto Brendan Perlini Jake Virtanen 40 1 2 2
PowerPlay Defense
Defense Defense Time % Phy DF OF
1 William Colbert Michal Jordan 60 1 2 2
2 Viktor Baldayev Keaton Thompson 40 1 2 2
Penalty Kill 4 Players Forward
Center Wing Time % Phy DF OF
1 Max Reinhart Pontus Aberg 60 1 2 2
2 Cédric Lalonde-McNicoll Nail Yakupov 40 1 2 2
Penalty Kill 4 Players Defense
Defense Defense Time % Phy DF OF
1 William Colbert Niklas Hansson 60 1 2 2
2 Michal Jordan Viktor Baldayev 40 1 2 2
Penalty Kill - 3 Players Forward
Forward Time % Phy DF OF
1 Max Reinhart 60 1 2 2
2 Cédric Lalonde-McNicoll 40 1 2 2
Penalty Kill - 3 Players Defense
Defense Defense Time % Phy DF OF
1 William Colbert Niklas Hansson 60 1 2 2
2 Michal Jordan Viktor Baldayev 40 1 2 2
4 vs 4 Forward
Center Wing Time % Phy DF OF
1 Max Reinhart Pontus Aberg 60 1 2 2
2 Jonathan Matsumoto Nail Yakupov 40 1 2 2
4 vs 4 Defense
Defense Defense Time % Phy DF OF
1 William Colbert Michal Jordan 60 1 2 2
2 Viktor Baldayev Niklas Hansson 40 1 2 2
Last Minutes Offensive
Center Left Wing Right Wing Defense Defense
Max Reinhart Pontus Aberg Nail Yakupov Michal Jordan Niklas Hansson
Last Minutes Defensive
Center Left Wing Right Wing Defense Defense
Max Reinhart Pontus Aberg Nail Yakupov Michal Jordan Niklas Hansson
Goaltenders
Starting : Igor Bobkov
Backup : Garret Sparks
Extra Forwards
Normal : Sam Reinhart, Nail Yakupov, Max Reinhart - PP : Sam Reinhart, Nail Yakupov - PK : Jake Virtanen
Extra Defensemen
Normal : Viktor Baldayev, Niklas Hansson, Michal Jordan - PP : Niklas Hansson - PK : Michal Jordan, Niklas Hansson
Penalty Shots
Jonathan Matsumoto, Cédric Lalonde-McNicoll, Nail Yakupov, Pontus Aberg, Max Reinhart
Scratches
Juuso Ikonen (Healthy), Michael Downing (Healthy), Colin Smith (Healthy), Kyle Platzer (Healthy), Mitchell Heard (Healthy)
Tim Bozon (Healthy), Marek Langhamer (Healthy)
Carnivores
5 vs 5 Forward
Center Left Wing Right Wing Time % Phy DF OF
1 Anton Gustafsson Oskar Lindblom Chris Lawrence 40 1 2 2
2 Markus Granlund Blake Geoffrion Joel Armia 30 1 2 2
3 Lucas Wallmark Nicolas Kerdiles Mark McNeill 20 1 2 2
4 Blake Geoffrion Jeremy Welsh Brett Connolly 10 1 2 2
5 vs 5 Defense
Defense Defense Time % Phy DF OF
1 David Fischer Mat Clark 40 1 2 2
2 T.J Brodie Josh Morrissey 30 1 2 2
3 Christian Djoos Mattias Backman 20 1 2 2
4 Trevor Van Riemsdyk Adam Almquist 10 1 2 2
PowerPlay Forward
Center Left Wing Right Wing Time % Phy DF OF
1 Anton Gustafsson Blake Geoffrion Chris Lawrence 60 1 2 2
2 Markus Granlund Jeremy Welsh Mark McNeill 40 1 2 2
PowerPlay Defense
Defense Defense Time % Phy DF OF
1 David Fischer Mat Clark 60 1 2 2
2 T.J Brodie Josh Morrissey 40 1 2 2
Penalty Kill 4 Players Forward
Center Wing Time % Phy DF OF
1 Anton Gustafsson Nicolas Kerdiles 60 1 2 2
2 Markus Granlund Chris Lawrence 40 1 2 2
Penalty Kill 4 Players Defense
Defense Defense Time % Phy DF OF
1 David Fischer Mat Clark 60 1 2 2
2 Christian Djoos T.J Brodie 40 1 2 2
Penalty Kill - 3 Players Forward
Forward Time % Phy DF OF
1 Chris Lawrence 60 1 2 2
2 Anton Gustafsson 40 1 2 2
Penalty Kill - 3 Players Defense
Defense Defense Time % Phy DF OF
1 David Fischer Mat Clark 60 1 2 2
2 Christian Djoos T.J Brodie 40 1 2 2
4 vs 4 Forward
Center Wing Time % Phy DF OF
1 Blake Geoffrion Anton Gustafsson 60 1 2 2
2 Chris Lawrence Jeremy Welsh 40 1 2 2
4 vs 4 Defense
Defense Defense Time % Phy DF OF
1 David Fischer Josh Morrissey 60 1 2 2
2 Mat Clark Josh Morrissey 40 1 2 2
Last Minutes Offensive
Center Left Wing Right Wing Defense Defense
Anton Gustafsson Blake Geoffrion Chris Lawrence Mat Clark David Fischer
Last Minutes Defensive
Center Left Wing Right Wing Defense Defense
Anton Gustafsson Blake Geoffrion Chris Lawrence Mat Clark David Fischer
Goaltenders
Starting : Niklas Svedberg
Backup : Tristan Jarry
Extra Forwards
Normal : Riley Barber, Oskar Lindblom, Nicolas Kerdiles - PP : Riley Barber, Oskar Lindblom - PK : Nicolas Kerdiles
Extra Defensemen
Normal : Josh Morrissey, Trevor Van Riemsdyk, Christian Djoos - PP : Josh Morrissey - PK : Trevor Van Riemsdyk, Christian Djoos
Penalty Shots
Blake Geoffrion, Anton Gustafsson, Chris Lawrence, Jeremy Welsh, Markus Granlund
Scratches
Scott Laughton (Bruised Right Shoulder Injury), Ryan Olsen (Healthy), Stanislav Galiev (Healthy), Mark MacMillan (Healthy), Troy Bourke (Healthy)
Alexandre Mallet (Healthy), Hunter Shinkaruk (Healthy), Andreas Englund (Sprained Left Ankle Injury), Josh Wesley (Healthy), Linus Ullmark (Healthy)
% Time on Ice - Remparts
Lines # - Real PCT - Wanted PCT - Time Play
Normal Forward
1 - 30% - 40% - 14:42
2 - 31% - 30% - 14:56
3 - 22% - 20% - 10:47
4 - 17% - 10% - 8:27
Normal Defense
1 - 35% - 40% - 17:10
2 - 31% - 30% - 15:18
3 - 30% - 20% - 14:41
4 - 4% - 10% - 1:43
PP Forward
1 - 60% - 60% - 1:11
2 - 40% - 40% - 0:48
PP Defense
1 - 68% - 60% - 1:21
2 - 32% - 40% - 0:38
PK Forward
1 - 79% - 60% - 6:17
2 - 21% - 40% - 1:39
PK Defense
1 - 65% - 60% - 5:10
2 - 35% - 40% - 2:46
PK3 Forward
1 - 0% - 60%
2 - 0% - 40%
PK3 Defense
1 - 0% - 60%
2 - 0% - 40%
44 Forward
1 - 0% - 60%
2 - 0% - 40%
44 Defense
1 - 0% - 60%
2 - 0% - 40%
Last Minute Offensive - 1:13
Last Minute Defensive - 0:00
Total
Forward - 60:00
Defense - 60:00
|
% Time on Ice - Carnivores
Lines # - Real PCT - Wanted PCT - Time Play
Normal Forward
1 - 33% - 40% - 16:22
2 - 25% - 30% - 12:22
3 - 27% - 20% - 13:16
4 - 14% - 10% - 6:52
Normal Defense
1 - 36% - 40% - 17:23
2 - 27% - 30% - 13:15
3 - 21% - 20% - 10:14
4 - 16% - 10% - 8:00
PP Forward
1 - 50% - 60% - 3:59
2 - 50% - 40% - 3:57
PP Defense
1 - 65% - 60% - 5:08
2 - 35% - 40% - 2:48
PK Forward
1 - 77% - 60% - 1:32
2 - 23% - 40% - 0:27
PK Defense
1 - 66% - 60% - 1:18
2 - 34% - 40% - 0:41
PK3 Forward
1 - 0% - 60%
2 - 0% - 40%
PK3 Defense
1 - 0% - 60%
2 - 0% - 40%
44 Forward
1 - 0% - 60%
2 - 0% - 40%
44 Defense
1 - 0% - 60%
2 - 0% - 40%
Last Minute Offensive - 0:00
Last Minute Defensive - 1:13
Total
Forward - 60:00
Defense - 60:00
|
Play-by-Play
1st period
0:01 of 1st period - Anton Gustafsson wins face-off versus Max Reinhart in neutral zone.
0:52 of 1st period - Snap shot by Jeremy Welsh.
0:52 of 1st period - Shot Blocked by Michal Jordan.
0:54 of 1st period - Slapshot by Blake Geoffrion.
0:54 of 1st period - Stopped by Igor Bobkov with a rebound.
0:56 of 1st period - Slapshot by Blake Geoffrion.
0:56 of 1st period - Deflect By Brett Connolly.
0:56 of 1st period - Stopped by Igor Bobkov with a rebound.
2:09 of 1st period - Blake Geoffrion is hit by Matt Puempel and loses puck.
2:16 of 1st period - William Colbert is hit by Markus Granlund and loses puck.
2:32 of 1st period - Roberts Lipsbergs is hit by Anton Gustafsson and loses puck.
3:38 of 1st period - Slapshot by Nail Yakupov.
3:38 of 1st period - Shot Misses the Net.
3:40 of 1st period - Wrist shot by Max Reinhart.
3:40 of 1st period - Stopped by Niklas Svedberg without a rebound.
3:41 of 1st period - Anton Gustafsson wins face-off versus Max Reinhart in Carnivores zone.
3:48 of 1st period - Backhand shot by Chris Lawrence.
3:48 of 1st period - Shot Blocked by Nelson Nogier.
4:34 of 1st period - Snap shot by Blake Geoffrion.
4:34 of 1st period - Shot Blocked by Niklas Hansson.
4:36 of 1st period - Wrist shot by Markus Granlund.
4:36 of 1st period - Stopped by Igor Bobkov without a rebound.
4:37 of 1st period - Anton Gustafsson wins face-off versus Max Reinhart in Remparts zone.
4:53 of 1st period - Snap shot by Anton Gustafsson.
4:53 of 1st period - Shot Misses the Net.
5:42 of 1st period - Mat Clark is hit by Cédric Lalonde-McNicoll.
6:07 of 1st period - Slapshot by Nail Yakupov.
6:07 of 1st period - Shot Misses the Net.
6:27 of 1st period - Joel Armia is hit by Connor Honey and loses puck.
6:34 of 1st period - Wrist shot by Sam Reinhart.
6:34 of 1st period - Shot Misses the Net.
7:07 of 1st period - Wrist shot by Anton Zlobin.
7:07 of 1st period - Stopped by Niklas Svedberg with a rebound.
7:29 of 1st period - Slapshot by Jake Virtanen.
7:29 of 1st period - Shot Misses the Net.
8:17 of 1st period - Slapshot by Pontus Aberg.
8:17 of 1st period - Stopped by Niklas Svedberg with a rebound.
8:21 of 1st period - Wrist shot by Max Reinhart.
8:21 of 1st period - Stopped by Niklas Svedberg with a rebound.
9:44 of 1st period - Lucas Wallmark is hit by Nelson Nogier.
9:52 of 1st period - Nicolas Kerdiles is hit by Jonathan Matsumoto and loses puck.
10:10 of 1st period - Mattias Backman is hit by Connor Honey and loses puck.
10:23 of 1st period - Christian Djoos is hit by Viktor Baldayev and loses puck.
10:46 of 1st period - Mark McNeill is hit by Pontus Aberg and loses puck.
11:26 of 1st period - Snap shot by Anton Gustafsson.
11:26 of 1st period - Stopped by Igor Bobkov with a rebound.
11:28 of 1st period - Wrist shot by Joel Armia.
11:28 of 1st period - Shot Blocked by Sam Reinhart.
11:30 of 1st period - Wrist shot by Markus Granlund.
11:30 of 1st period - Stopped by Igor Bobkov with a rebound.
11:32 of 1st period - Slapshot by Trevor Van Riemsdyk.
11:32 of 1st period - Stopped by Igor Bobkov without a rebound.
11:33 of 1st period - Markus Granlund wins face-off versus Max Reinhart in Remparts zone.
11:38 of 1st period - Wrist shot by Joel Armia.
11:38 of 1st period - Shot Misses the Net.
11:40 of 1st period - Snap shot by Blake Geoffrion.
11:40 of 1st period - Stopped by Igor Bobkov with a rebound.
12:11 of 1st period - Wrist shot by Brendan Perlini.
12:11 of 1st period - Shot Blocked by T.J Brodie.
12:23 of 1st period - Cédric Lalonde-McNicoll is hit by Jeremy Welsh.
13:02 of 1st period - Snap shot by Brendan Perlini.
13:02 of 1st period - Deflect By Jake Virtanen.
13:02 of 1st period - Stopped by Niklas Svedberg without a rebound.
13:03 of 1st period - Anton Gustafsson wins face-off versus Jake Virtanen in Carnivores zone.
13:17 of 1st period - Snap shot by Jonathan Matsumoto.
13:17 of 1st period - Stopped by Niklas Svedberg with a rebound.
13:19 of 1st period - Snap shot by Jonathan Matsumoto.
13:19 of 1st period - Deflect By Jake Virtanen.
13:19 of 1st period - Shot Misses the Net.
13:19 of 1st period - Puck is out of play.
13:20 of 1st period - Max Reinhart wins face-off versus Markus Granlund in Carnivores zone.
13:45 of 1st period - Chris Lawrence is hit by Jonathan Matsumoto and loses puck.
13:56 of 1st period - Wrist shot by Brendan Perlini.
13:56 of 1st period - Stopped by Niklas Svedberg without a rebound.
13:57 of 1st period - Max Reinhart wins face-off versus Blake Geoffrion in Carnivores zone.
14:19 of 1st period - Icing by Blake Geoffrion.
14:20 of 1st period - Markus Granlund wins face-off versus Jonathan Matsumoto in Carnivores zone.
14:45 of 1st period - David Fischer is hit by Max Reinhart and loses puck.
15:26 of 1st period - Wrist shot by Sam Reinhart.
15:26 of 1st period - Stopped by Niklas Svedberg with a rebound.
15:32 of 1st period - Michal Jordan is hit by Anton Gustafsson and loses puck.
15:43 of 1st period - Connor Honey is hit by Joel Armia.
16:01 of 1st period - Slapshot by Sam Reinhart.
16:01 of 1st period - Stopped by Niklas Svedberg with a rebound.
16:07 of 1st period - Michal Jordan is hit by Nicolas Kerdiles and loses puck.
16:57 of 1st period - Off-side.
16:58 of 1st period - Cédric Lalonde-McNicoll wins face-off versus Lucas Wallmark in neutral zone.
17:05 of 1st period - Snap shot by Anton Zlobin.
17:05 of 1st period - Stopped by Niklas Svedberg with a rebound.
17:07 of 1st period - Slapshot by Cédric Lalonde-McNicoll.
17:07 of 1st period - Deflect By Matt Puempel.
17:07 of 1st period - Deflect By Nicolas Kerdiles.
17:07 of 1st period - Stopped by Niklas Svedberg without a rebound.
17:08 of 1st period - Anton Gustafsson wins face-off versus Max Reinhart in Carnivores zone.
17:34 of 1st period - Mat Clark is hit by Keaton Thompson and loses puck.
18:03 of 1st period - Connor Honey is hit by Josh Morrissey and loses puck.
18:16 of 1st period - Wrist shot by Jeremy Welsh.
18:16 of 1st period - Shot Misses the Net.
18:18 of 1st period - Wrist shot by Blake Geoffrion.
18:18 of 1st period - Stopped by Igor Bobkov with a rebound.
18:20 of 1st period - Snap shot by Blake Geoffrion.
18:20 of 1st period - Deflect By Jeremy Welsh.
18:20 of 1st period - Shot Misses the Net.
18:20 of 1st period - Puck is out of play.
18:21 of 1st period - Max Reinhart wins face-off versus Blake Geoffrion in Remparts zone.
18:26 of 1st period - Slapshot by Jeremy Welsh.
18:26 of 1st period - Stopped by Igor Bobkov with a rebound.
18:41 of 1st period - Snap shot by Jeremy Welsh.
18:41 of 1st period - Stopped by Igor Bobkov without a rebound.
18:42 of 1st period - Anton Gustafsson wins face-off versus Jonathan Matsumoto in Remparts zone.
19:35 of 1st period - Cédric Lalonde-McNicoll is hit by Nicolas Kerdiles and loses puck.
19:50 of 1st period - Icing by Connor Honey.
19:51 of 1st period - Sam Reinhart wins face-off versus Anton Gustafsson in Remparts zone.
Goals for this period are 0 for Remparts vs 0 for Carnivores.
Shots for this period are 11 for Remparts vs 10 for Carnivores.
2nd period
0:01 of 2nd period - Anton Gustafsson wins face-off versus Max Reinhart in neutral zone.
0:14 of 2nd period - Wrist shot by Max Reinhart.
0:14 of 2nd period - Stopped by Niklas Svedberg without a rebound.
0:15 of 2nd period - Jonathan Matsumoto wins face-off versus Markus Granlund in Carnivores zone.
0:16 of 2nd period - Wrist shot by Brendan Perlini.
0:16 of 2nd period - Shot Blocked by Blake Geoffrion.
0:18 of 2nd period - Snap shot by William Colbert.
0:18 of 2nd period - Shot Misses the Net.
0:38 of 2nd period - Markus Granlund is hit by William Colbert and loses puck.
0:49 of 2nd period - Michal Jordan is hit by Blake Geoffrion and loses puck.
1:10 of 2nd period - Snap shot by Joel Armia.
1:10 of 2nd period - Shot Misses the Net.
1:40 of 2nd period - Snap shot by Jake Virtanen.
1:40 of 2nd period - Stopped by Niklas Svedberg with a rebound.
1:42 of 2nd period - Backhand shot by Michal Jordan.
1:42 of 2nd period - Shot Misses the Net.
1:44 of 2nd period - Snap shot by Jonathan Matsumoto.
1:44 of 2nd period - Stopped by Niklas Svedberg without a rebound.
1:45 of 2nd period - Max Reinhart wins face-off versus Anton Gustafsson in Carnivores zone.
2:12 of 2nd period - Snap shot by Mark McNeill.
2:12 of 2nd period - Stopped by Igor Bobkov with a rebound.
2:14 of 2nd period - Snap shot by Mark McNeill.
2:14 of 2nd period - Shot Misses the Net.
2:16 of 2nd period - Snap shot by Lucas Wallmark.
2:16 of 2nd period - Stopped by Igor Bobkov without a rebound.
2:17 of 2nd period - Lucas Wallmark wins face-off versus Anton Zlobin in Remparts zone.
2:27 of 2nd period - Snap shot by Nicolas Kerdiles.
2:27 of 2nd period - Stopped by Igor Bobkov with a rebound.
2:29 of 2nd period - Snap shot by Mark McNeill.
2:29 of 2nd period - Shot Misses the Net.
2:31 of 2nd period - Snap shot by Mark McNeill.
2:31 of 2nd period - Shot Misses the Net.
2:33 of 2nd period - Wrist shot by Lucas Wallmark.
2:33 of 2nd period - Shot Misses the Net.
2:35 of 2nd period - Wrist shot by Nicolas Kerdiles.
2:35 of 2nd period - Stopped by Igor Bobkov with a rebound.
2:37 of 2nd period - Slapshot by Christian Djoos.
2:37 of 2nd period - Shot Misses the Net.
2:39 of 2nd period - Slapshot by Lucas Wallmark.
2:39 of 2nd period - Stopped by Igor Bobkov without a rebound.
2:40 of 2nd period - Anton Gustafsson wins face-off versus Max Reinhart in Remparts zone.
2:44 of 2nd period - Minor Penalty to Nail Yakupov for Hooking.
2:45 of 2nd period - Anton Gustafsson wins face-off versus Max Reinhart in Remparts zone.
2:47 of 2nd period - Snap shot by Anton Gustafsson.
2:47 of 2nd period - Shot Misses the Net.
3:11 of 2nd period - Niklas Hansson is hit by Markus Granlund and loses puck.
4:20 of 2nd period - David Fischer is hit by Jonathan Matsumoto and loses puck.
4:44 of 2nd period - Penalty to Nail Yakupov is over, Nail Yakupov is back on ice.
4:51 of 2nd period - Snap shot by Cédric Lalonde-McNicoll.
4:51 of 2nd period - Stopped by Niklas Svedberg without a rebound.
4:52 of 2nd period - Cédric Lalonde-McNicoll wins face-off versus Lucas Wallmark in Carnivores zone.
5:07 of 2nd period - Slapshot by T.J Brodie.
5:07 of 2nd period - Deflect By Nicolas Kerdiles.
5:07 of 2nd period - Stopped by Igor Bobkov with a rebound.
5:16 of 2nd period - Icing by T.J Brodie.
5:17 of 2nd period - Jonathan Matsumoto wins face-off versus Lucas Wallmark in Carnivores zone.
5:24 of 2nd period - Slapshot by Pontus Aberg.
5:24 of 2nd period - Stopped by Niklas Svedberg without a rebound.
5:25 of 2nd period - Max Reinhart wins face-off versus Anton Gustafsson in Carnivores zone.
5:38 of 2nd period - Snap shot by Pontus Aberg.
5:38 of 2nd period - Shot Hit the Post.
6:09 of 2nd period - Niklas Hansson is hit by Mark McNeill and loses puck.
6:50 of 2nd period - Viktor Baldayev is hit by Chris Lawrence and loses puck.
7:47 of 2nd period - Trevor Van Riemsdyk is hit by Max Reinhart and loses puck.
9:31 of 2nd period - Snap shot by Matt Puempel.
9:31 of 2nd period - Shot Misses the Net.
9:44 of 2nd period - Michal Jordan is hit by Josh Morrissey and loses puck.
10:02 of 2nd period - Snap shot by Brendan Perlini.
10:02 of 2nd period - Shot Misses the Net.
10:23 of 2nd period - Oskar Lindblom is hit by Pontus Aberg and loses puck.
11:47 of 2nd period - Slapshot by Markus Granlund.
11:47 of 2nd period - Stopped by Igor Bobkov with a rebound.
12:35 of 2nd period - Niklas Hansson is hit by Joel Armia and loses puck.
13:18 of 2nd period - Snap shot by Brett Connolly.
13:18 of 2nd period - Shot Misses the Net.
13:34 of 2nd period - Wrist shot by Sam Reinhart.
13:34 of 2nd period - Stopped by Niklas Svedberg with a rebound.
14:06 of 2nd period - Christian Djoos is hit by Jake Virtanen and loses puck.
14:53 of 2nd period - Snap shot by Anton Gustafsson.
14:53 of 2nd period - Shot Misses the Net.
15:03 of 2nd period - Blake Geoffrion is hit by Michal Jordan and loses puck.
15:47 of 2nd period - Snap shot by Jonathan Matsumoto.
15:47 of 2nd period - Shot Misses the Net.
15:49 of 2nd period - Slapshot by Jonathan Matsumoto.
15:49 of 2nd period - Stopped by Niklas Svedberg with a rebound.
16:09 of 2nd period - Minor Penalty to Adam Almquist for Hooking.
16:10 of 2nd period - Max Reinhart wins face-off versus Nicolas Kerdiles in Carnivores zone.
16:15 of 2nd period - Wrist shot by Pontus Aberg.
16:15 of 2nd period - Deflect By Max Reinhart.
16:15 of 2nd period - Shot Misses the Net.
16:15 of 2nd period - Puck is out of play.
16:16 of 2nd period - Max Reinhart wins face-off versus Anton Gustafsson in Carnivores zone.
16:23 of 2nd period - Snap shot by Nail Yakupov.
16:23 of 2nd period - Shot Blocked by Nicolas Kerdiles.
16:43 of 2nd period - Christian Djoos is hit by William Colbert and loses puck.
16:52 of 2nd period - Snap shot by Jonathan Matsumoto.
16:52 of 2nd period - Stopped by Niklas Svedberg without a rebound.
16:53 of 2nd period - Max Reinhart wins face-off versus Anton Gustafsson in Carnivores zone.
17:22 of 2nd period - Markus Granlund is hit by Viktor Baldayev and loses puck.
18:09 of 2nd period - Penalty to Adam Almquist is over, Adam Almquist is back on ice.
18:20 of 2nd period - Snap shot by Brett Connolly.
18:20 of 2nd period - Deflect By Jeremy Welsh.
18:20 of 2nd period - Shot Blocked by Pontus Aberg.
18:20 of 2nd period - Puck is out of play.
18:21 of 2nd period - Brett Connolly wins face-off versus Cédric Lalonde-McNicoll in Remparts zone.
18:26 of 2nd period - Wrist shot by Jeremy Welsh.
18:26 of 2nd period - Shot Misses the Net.
18:44 of 2nd period - Oskar Lindblom is hit by Brendan Perlini and loses puck.
19:12 of 2nd period - Wrist shot by Roberts Lipsbergs.
19:12 of 2nd period - Shot Blocked by Adam Almquist.
19:14 of 2nd period - Snap shot by Sam Reinhart.
19:14 of 2nd period - Stopped by Niklas Svedberg without a rebound.
19:15 of 2nd period - Max Reinhart wins face-off versus Markus Granlund in Carnivores zone.
19:40 of 2nd period - Jonathan Matsumoto is hit by Nicolas Kerdiles and loses puck.
19:53 of 2nd period - Wrist shot by Nicolas Kerdiles.
19:53 of 2nd period - Stopped by Igor Bobkov without a rebound.
19:54 of 2nd period - Anton Gustafsson wins face-off versus Max Reinhart in Remparts zone.
Goals for this period are 0 for Remparts vs 0 for Carnivores.
Shots for this period are 9 for Remparts vs 8 for Carnivores.
3rd period
0:01 of 3rd period - Chris Lawrence wins face-off versus Max Reinhart in neutral zone.
0:12 of 3rd period - Snap shot by Anton Gustafsson.
0:12 of 3rd period - Goal by Anton Gustafsson - Remparts : 0 - Carnivores : 1.
0:13 of 3rd period - Max Reinhart wins face-off versus Anton Gustafsson in neutral zone.
0:15 of 3rd period - Minor Penalty to Nail Yakupov for Hooking.
0:16 of 3rd period - Max Reinhart wins face-off versus Anton Gustafsson in Remparts zone.
0:48 of 3rd period - Slapshot by Mat Clark.
0:48 of 3rd period - Stopped by Igor Bobkov with a rebound.
1:04 of 3rd period - Cédric Lalonde-McNicoll is hit by Blake Geoffrion and loses puck.
2:15 of 3rd period - Penalty to Nail Yakupov is over, Nail Yakupov is back on ice.
2:41 of 3rd period - Jonathan Matsumoto is hit by Mat Clark and loses puck.
3:48 of 3rd period - Brett Connolly is hit by Keaton Thompson and loses puck.
4:31 of 3rd period - Snap shot by Nicolas Kerdiles.
4:31 of 3rd period - Stopped by Igor Bobkov without a rebound.
4:32 of 3rd period - Lucas Wallmark wins face-off versus Sam Reinhart in Remparts zone.
5:08 of 3rd period - Wrist shot by Sam Reinhart.
5:08 of 3rd period - Shot Misses the Net.
5:10 of 3rd period - Slapshot by Michal Jordan.
5:10 of 3rd period - Shot Blocked by Joel Armia.
5:16 of 3rd period - Wrist shot by Sam Reinhart.
5:16 of 3rd period - Stopped by Niklas Svedberg with a rebound.
5:18 of 3rd period - Snap shot by Sam Reinhart.
5:18 of 3rd period - Stopped by Niklas Svedberg without a rebound.
5:19 of 3rd period - Mark McNeill wins face-off versus Max Reinhart in Carnivores zone.
6:38 of 3rd period - Wrist shot by T.J Brodie.
6:38 of 3rd period - Shot Misses the Net.
6:40 of 3rd period - Wrist shot by Anton Gustafsson.
6:40 of 3rd period - Shot Misses the Net.
6:56 of 3rd period - Snap shot by Max Reinhart.
6:56 of 3rd period - Goal by Max Reinhart - Remparts : 1 - Carnivores : 1.
6:57 of 3rd period - Max Reinhart wins face-off versus Anton Gustafsson in neutral zone.
7:06 of 3rd period - Wrist shot by Max Reinhart.
7:06 of 3rd period - Stopped by Niklas Svedberg without a rebound.
7:07 of 3rd period - Max Reinhart wins face-off versus Anton Gustafsson in Carnivores zone.
7:08 of 3rd period - Slapshot by Pontus Aberg.
7:08 of 3rd period - Shot Blocked by Mat Clark.
7:30 of 3rd period - Snap shot by Anton Gustafsson.
7:30 of 3rd period - Goal by Anton Gustafsson - Remparts : 1 - Carnivores : 2.
7:31 of 3rd period - Max Reinhart wins face-off versus Anton Gustafsson in neutral zone.
7:33 of 3rd period - Minor Penalty to Pontus Aberg for Tripping.
7:34 of 3rd period - Max Reinhart wins face-off versus Anton Gustafsson in Remparts zone.
7:34 of 3rd period - Max Reinhart is hit by Anton Gustafsson.
7:43 of 3rd period - Snap shot by Chris Lawrence.
7:43 of 3rd period - Shot Misses the Net.
7:47 of 3rd period - Wrist shot by Anton Gustafsson.
7:47 of 3rd period - Stopped by Igor Bobkov with a rebound.
7:49 of 3rd period - Wrist shot by Blake Geoffrion.
7:49 of 3rd period - Shot Misses the Net.
8:56 of 3rd period - Anton Gustafsson is hit by Niklas Hansson and loses puck.
9:33 of 3rd period - Penalty to Pontus Aberg is over, Pontus Aberg is back on ice.
10:37 of 3rd period - Keaton Thompson is hit by Mattias Backman and loses puck.
11:32 of 3rd period - Josh Morrissey is hit by Michal Jordan and loses puck.
12:12 of 3rd period - Icing by Niklas Hansson.
12:13 of 3rd period - Cédric Lalonde-McNicoll wins face-off versus Lucas Wallmark in Remparts zone.
12:24 of 3rd period - Lucas Wallmark is hit by Niklas Hansson and loses puck.
12:37 of 3rd period - Snap shot by Jeremy Welsh.
12:37 of 3rd period - Stopped by Igor Bobkov with a rebound.
13:16 of 3rd period - Backhand shot by Cédric Lalonde-McNicoll.
13:16 of 3rd period - Shot Misses the Net.
13:32 of 3rd period - Slapshot by Niklas Hansson.
13:32 of 3rd period - Deflect By Roberts Lipsbergs.
13:32 of 3rd period - Shot Misses the Net.
13:32 of 3rd period - Puck is out of play.
13:33 of 3rd period - Sam Reinhart wins face-off versus Mark McNeill in Carnivores zone.
13:56 of 3rd period - Wrist shot by Nail Yakupov.
13:56 of 3rd period - Shot Misses the Net.
13:58 of 3rd period - Slapshot by Keaton Thompson.
13:58 of 3rd period - Stopped by Niklas Svedberg without a rebound.
13:59 of 3rd period - Max Reinhart wins face-off versus Chris Lawrence in Carnivores zone.
14:00 of 3rd period - Wrist shot by Pontus Aberg.
14:00 of 3rd period - Shot Misses the Net.
14:02 of 3rd period - Slapshot by Keaton Thompson.
14:02 of 3rd period - Stopped by Niklas Svedberg with a rebound.
14:04 of 3rd period - Slapshot by Nail Yakupov.
14:04 of 3rd period - Shot Misses the Net.
14:22 of 3rd period - David Fischer is hit by Jonathan Matsumoto and loses puck.
14:33 of 3rd period - Slapshot by Anton Gustafsson.
14:33 of 3rd period - Shot Blocked by Brendan Perlini.
14:35 of 3rd period - Wrist shot by T.J Brodie.
14:35 of 3rd period - Deflect By Jonathan Matsumoto.
14:35 of 3rd period - Stopped by Igor Bobkov with a rebound.
14:37 of 3rd period - Snap shot by Oskar Lindblom.
14:37 of 3rd period - Stopped by Igor Bobkov with a rebound.
14:39 of 3rd period - Wrist shot by Josh Morrissey.
14:39 of 3rd period - Shot Blocked by Jonathan Matsumoto.
14:41 of 3rd period - Slapshot by T.J Brodie.
14:41 of 3rd period - Shot Blocked by Brendan Perlini.
14:43 of 3rd period - Slapshot by Josh Morrissey.
14:43 of 3rd period - Stopped by Igor Bobkov with a rebound.
14:45 of 3rd period - Snap shot by Oskar Lindblom.
14:45 of 3rd period - Shot Misses the Net.
14:47 of 3rd period - Slapshot by Chris Lawrence.
14:47 of 3rd period - Shot Misses the Net.
14:49 of 3rd period - Slapshot by Mattias Backman.
14:49 of 3rd period - Shot Misses the Net.
14:51 of 3rd period - Slapshot by Mattias Backman.
14:51 of 3rd period - Shot Hit the Post.
15:26 of 3rd period - Snap shot by Brendan Perlini.
15:26 of 3rd period - Deflect By Jake Virtanen.
15:26 of 3rd period - Stopped by Niklas Svedberg without a rebound.
15:27 of 3rd period - Markus Granlund wins face-off versus Max Reinhart in Carnivores zone.
15:27 of 3rd period - Mat Clark is hit by Nail Yakupov and loses puck.
15:34 of 3rd period - Snap shot by Pontus Aberg.
15:34 of 3rd period - Shot Misses the Net.
15:36 of 3rd period - Snap shot by Nail Yakupov.
15:36 of 3rd period - Shot Misses the Net.
15:38 of 3rd period - Wrist shot by Max Reinhart.
15:38 of 3rd period - Shot Misses the Net.
16:02 of 3rd period - Minor Penalty to Niklas Hansson for Goalie Interference.
16:03 of 3rd period - Markus Granlund wins face-off versus Max Reinhart in Remparts zone.
16:03 of 3rd period - Snap shot by Jeremy Welsh.
16:03 of 3rd period - Deflect By William Colbert.
16:03 of 3rd period - Shot Misses the Net.
16:03 of 3rd period - Puck is out of play.
16:04 of 3rd period - Max Reinhart wins face-off versus Markus Granlund in Remparts zone.
16:29 of 3rd period - Pontus Aberg is hit by Anton Gustafsson.
18:02 of 3rd period - Penalty to Niklas Hansson is over, Niklas Hansson is back on ice.
18:11 of 3rd period - Wrist shot by Jonathan Matsumoto.
18:11 of 3rd period - Stopped by Niklas Svedberg with a rebound.
19:09 of 3rd period - T.J Brodie is hit by Pontus Aberg and loses puck.
19:20 of 3rd period - Remparts, Igor Bobkov is pulled from the net.
19:52 of 3rd period - Icing by Chris Lawrence.
19:53 of 3rd period - Nicolas Kerdiles wins face-off versus Max Reinhart in Carnivores zone.
Goals for this period are 1 for Remparts vs 2 for Carnivores.
Shots for this period are 8 for Remparts vs 9 for Carnivores.
Back to the Top